Connexion

Senators vs Crunch

Created - 3 novembre 2023 at 05:17

Goals
1 2 3 T
Senators 1 4 0 5
Crunch 1 1 0 2
Shots
1 2 3 T
Senators 15 25 6 46
Crunch 12 13 15 40

GoalsPenalties
1st period
1. Senators , Wade Allison 4 (Adam Beckman 10, Zac Jones 12) at 3:35 (PP)
2. Crunch , Connor Corcoran 7 (Jean-Gabriel Pageau 27, Axel Andersson 28) at 8:13 (PP)
Jean-Gabriel Pageau (SYR) for Tripping (Minor) at 2:24
Wade Allison (BEL) for Holding Stick (Minor) at 7:50
Jaycob Megna (SYR) for Hooking (Minor) at 11:32
Connor Corcoran (SYR) for Holding (Minor) at 18:29
2nd period
3. Senators , Ben Jones 5 (Adam Beckman 11, Zac Jones 13) at 4:48
4. Crunch , Connor Corcoran 8 (Blaine Byron 20, Axel Andersson 29) at 6:45 (PP)
5. Senators , Aleksi Heponiemi 6 (Akil Thomas 8, Zac Jones 14) at 7:56
6. Senators , Jamieson Rees 2 (Dawson Barteaux 7, Akil Thomas 9) at 10:11
7. Senators , Matias Maccelli 2 (Cole Schwindt 22, Joey Keane 13) at 14:02 (PP)
Mikko Kokkonen (SYR) for Hooking (Minor) at 2:04
Zac Jones (BEL) for Hooking (Minor) at 5:27
Jaycob Megna (SYR) for Hooking (Minor) at 11:12
Connor Corcoran (SYR) for Interference (Minor) at 13:44
Jean-Gabriel Pageau (SYR) for Interference (Minor) at 15:30
Jack Rathbone (BEL) for Holding (Minor) at 15:30
3rd period
No Goal
Ben Jones (BEL) for Hooking (Minor) at 2:19
Goalie Stats
Leevi Merilainen (BEL), 38 saves from 40 shots - (0,950), W, 17-10-2, 60:00 minutes
Anthony Stolarz (SYR), 41 saves from 46 shots - (0,891), L, 20-13-1, 60:00 minutes
3 StarsOfficial
1 - Leevi Merilainen (BEL)
2 - Zac Jones (BEL)
3 - Akil Thomas (BEL)
Referees : Don VanMassenhoven and Brad Meier
Linesman : Brian Mach and Andy McElman
Game Note
Axel Andersson is injured at 14:39 of 2nd period (Bruised Left Arm)
Finance
Level 1 -- Attendance: 2000 (100,00%) -- Ticket Income 40 000 $
Level 2 -- Attendance: 984 (98,40%) -- Ticket Income 14 760 $
Total Attendance: 2984 (99,47%)
Total Ticket Income: 54 760 $
Other Income: 10 952 $
Total Income: 65 712 $



Team Name Goals Shots Shots Attemp Shots Blocked PIM HIT PP PK FO%
Senators 54679168122 / 6 (33%)248%
Crunch 240761214262 / 3 (67%)252%

Senators
Player Name POS G A P +/- PIM HIT SHT SB MP PP MP PP SHT PK MP PK SHT FO% FOT
Adam BeckmanC/LW0221003018:143:3521:12050% 2
Akil ThomasC/RW0222006115:333:3500:00060% 5
Aleksi HeponiemiC/LW/RW1012002011:540:0000:0000% 1
Alex BeaucageLW/RW000000306:550:0001:5000% 1
Aliaksei ProtasC0000024023:595:5021:50050% 34
Ben JonesC1011212013:260:0000:00052% 25
Cole SchwindtC/RW0110035123:595:5011:50050% 2
Dawson BarteauxD0111000216:450:0000:5800% 0
Fabian ZetterlundC/LW/RW0000011115:180:0000:3800% 4
Ian MitchellD0001010015:470:0000:0000% 0
Jack RathboneD0000203222:585:3221:4900% 0
Jamieson ReesC1012003011:540:0000:00044% 16
Joey KeaneD0112001221:143:5301:5100% 0
Layton AhacD0000012622:535:3201:4300% 0
Matias MaccelliLW1010011010:555:5010:00067% 3
Tyler MaddenC000000005:110:0000:00060% 5
Wade AllisonRW1011228017:013:3530:000100% 1
Zac JonesD0332202120:213:5300:5900% 0
Crunch
Player Name POS G A P +/- PIM HIT SHT SB MP PP MP PP SHT PK MP PK SHT FO% FOT
Aaron LuchukC000000106:320:0000:00067% 6
Austin StrandD000-3000024:311:3804:5400% 0
Axel AnderssonD0220001213:270:5114:5200% 0
Blaine ByronC/LW0110035015:251:1600:370100% 2
Connor CorcoranD2020413422:132:0233:0600% 0
Garnet HathawayRW000001105:250:0000:3500% 1
Jaycob MegnaD000-3420324:421:3802:4200% 0
Jean-Christophe BeaudinC/RW0000044017:531:1613:0200% 1
Jean-Gabriel PageauC011-3464025:462:2405:11054% 39
Kody ClarkRW0000018013:290:0000:00080% 5
Mason ShawC/LW000-3001015:472:2400:0000% 0
Mike VecchioneC/RW000-3013018:522:2413:02060% 5
Mikko KokkonenD0000230116:440:5700:1600% 0
Nicolas Aube-KubelRW000000101:380:0000:00025% 4
Patrick HarperC/LW0000002013:110:0000:00041% 17
Paul BittnerLW0000031013:110:0000:00050% 2
Thomas TynanC0000013023:071:1606:23047% 17
Xavier BouchardD0000002216:360:1403:0000% 0



Play-by-Play

1st period


0:01 of 1st period - Jean-Gabriel Pageau wins face-off versus Fabian Zetterlund in neutral zone.
0:18 of 1st period - Shot by Mike Vecchione.
0:18 of 1st period - Shot Blocked by Fabian Zetterlund.
0:21 of 1st period - Icing by Jack Rathbone.
0:22 of 1st period - Aliaksei Protas wins face-off versus Thomas Tynan in Senators zone.
0:22 of 1st period - Aliaksei Protas is hit by Jean-Christophe Beaudin.
0:34 of 1st period - Shot by Aliaksei Protas.
0:34 of 1st period - Stopped by Anthony Stolarz without a rebound.
0:35 of 1st period - Ben Jones wins face-off versus Paul Bittner in Crunch zone.
0:56 of 1st period - Shot by Kody Clark.
0:56 of 1st period - Stopped by Leevi Merilainen without a rebound.
0:57 of 1st period - Aaron Luchuk wins face-off versus Jamieson Rees in Senators zone.
1:02 of 1st period - Shot by Jean-Gabriel Pageau.
1:02 of 1st period - Shot Misses the Net.
1:26 of 1st period - Shot by Aaron Luchuk.
1:26 of 1st period - Deflect By Garnet Hathaway.
1:26 of 1st period - Stopped by Leevi Merilainen without a rebound.
1:27 of 1st period - Tyler Madden wins face-off versus Thomas Tynan in Senators zone.
1:27 of 1st period - Tyler Madden is hit by Blaine Byron.
1:41 of 1st period - Shot by Alex Beaucage.
1:41 of 1st period - Stopped by Anthony Stolarz without a rebound.
1:42 of 1st period - Jean-Gabriel Pageau wins face-off versus Ben Jones in Crunch zone.
1:48 of 1st period - Shot by Jean-Gabriel Pageau.
1:48 of 1st period - Stopped by Leevi Merilainen with a rebound.
1:50 of 1st period - Shot by Jean-Gabriel Pageau.
1:50 of 1st period - Shot Hit the Post.
2:05 of 1st period - Adam Beckman is hit by Mikko Kokkonen and loses puck.
2:17 of 1st period - Adam Beckman is hit by Jean-Gabriel Pageau and loses puck.
2:24 of 1st period - Minor Penalty to Jean-Gabriel Pageau for Tripping.
2:25 of 1st period - Aliaksei Protas wins face-off versus Garnet Hathaway in Crunch zone.
2:59 of 1st period - Icing by Aliaksei Protas.
3:00 of 1st period - Mike Vecchione wins face-off versus Aliaksei Protas in Senators zone.
3:11 of 1st period - Shot by Aliaksei Protas.
3:11 of 1st period - Shot Misses the Net.
3:13 of 1st period - Shot by Aliaksei Protas.
3:13 of 1st period - Shot Blocked by Jaycob Megna.
3:29 of 1st period - Shot by Adam Beckman.
3:29 of 1st period - Stopped by Anthony Stolarz without a rebound.
3:30 of 1st period - Akil Thomas wins face-off versus Mike Vecchione in Crunch zone.
3:35 of 1st period - Shot by Wade Allison.
3:35 of 1st period - Goal by Wade Allison - Senators : 1 - Crunch : 0.
3:36 of 1st period - Patrick Harper wins face-off versus Jamieson Rees in neutral zone.
4:26 of 1st period - Icing by Akil Thomas.
4:27 of 1st period - Thomas Tynan wins face-off versus Jamieson Rees in Senators zone.
4:40 of 1st period - Shot by Blaine Byron.
4:40 of 1st period - Stopped by Leevi Merilainen with a rebound.
5:24 of 1st period - Shot by Cole Schwindt.
5:24 of 1st period - Stopped by Anthony Stolarz with a rebound.
6:03 of 1st period - Off-side.
6:04 of 1st period - Ben Jones wins face-off versus Jean-Gabriel Pageau in neutral zone.
6:36 of 1st period - Shot by Wade Allison.
6:36 of 1st period - Stopped by Anthony Stolarz with a rebound.
6:38 of 1st period - Shot by Zac Jones.
6:38 of 1st period - Stopped by Anthony Stolarz without a rebound.
6:39 of 1st period - Kody Clark wins face-off versus Alex Beaucage in Crunch zone.
6:54 of 1st period - Shot by Alex Beaucage.
6:54 of 1st period - Stopped by Anthony Stolarz without a rebound.
6:55 of 1st period - Aaron Luchuk wins face-off versus Aliaksei Protas in Crunch zone.
7:49 of 1st period - Off-side.
7:50 of 1st period - Patrick Harper wins face-off versus Ben Jones in neutral zone.
7:50 of 1st period - Minor Penalty to Wade Allison for Holding Stick.
7:51 of 1st period - Aliaksei Protas wins face-off versus Jean-Gabriel Pageau in Senators zone.
7:51 of 1st period - Aliaksei Protas is hit by Jean-Gabriel Pageau.
8:11 of 1st period - Shot by Axel Andersson.
8:11 of 1st period - Deflect By Jean-Gabriel Pageau.
8:11 of 1st period - Shot Blocked by Layton Ahac.
8:13 of 1st period - Shot by Connor Corcoran.
8:13 of 1st period - Goal by Connor Corcoran - Senators : 1 - Crunch : 1.
8:14 of 1st period - Thomas Tynan wins face-off versus Jamieson Rees in neutral zone.
8:23 of 1st period - Shot by Jean-Christophe Beaudin.
8:23 of 1st period - Stopped by Leevi Merilainen with a rebound.
8:25 of 1st period - Shot by Xavier Bouchard.
8:25 of 1st period - Stopped by Leevi Merilainen with a rebound.
8:27 of 1st period - Shot by Thomas Tynan.
8:27 of 1st period - Stopped by Leevi Merilainen without a rebound.
8:28 of 1st period - Ben Jones wins face-off versus Patrick Harper in Senators zone.
8:30 of 1st period - Icing by Adam Beckman.
8:31 of 1st period - Ben Jones wins face-off versus Jean-Gabriel Pageau in Senators zone.
9:36 of 1st period - Shot by Blaine Byron.
9:36 of 1st period - Shot Misses the Net.
10:04 of 1st period - Shot by Aliaksei Protas.
10:04 of 1st period - Deflect By Fabian Zetterlund.
10:04 of 1st period - Stopped by Anthony Stolarz with a rebound.
10:06 of 1st period - Shot by Cole Schwindt.
10:06 of 1st period - Shot Blocked by Connor Corcoran.
10:08 of 1st period - Shot by Cole Schwindt.
10:08 of 1st period - Stopped by Anthony Stolarz without a rebound.
10:09 of 1st period - Patrick Harper wins face-off versus Tyler Madden in Crunch zone.
10:24 of 1st period - Matias Maccelli is hit by Paul Bittner and loses puck.
10:48 of 1st period - Tyler Madden is hit by Paul Bittner and loses puck.
11:14 of 1st period - Icing by Layton Ahac.
11:15 of 1st period - Jean-Gabriel Pageau wins face-off versus Jamieson Rees in Senators zone.
11:32 of 1st period - Minor Penalty to Jaycob Megna for Hooking.
11:33 of 1st period - Jean-Gabriel Pageau wins face-off versus Akil Thomas in Crunch zone.
12:08 of 1st period - Shot by Wade Allison.
12:08 of 1st period - Stopped by Anthony Stolarz without a rebound.
12:09 of 1st period - Jean-Gabriel Pageau wins face-off versus Aliaksei Protas in Crunch zone.
12:09 of 1st period - Jean-Gabriel Pageau is hit by Aliaksei Protas.
13:37 of 1st period - Shot by Jamieson Rees.
13:37 of 1st period - Stopped by Anthony Stolarz without a rebound.
13:38 of 1st period - Ben Jones wins face-off versus Patrick Harper in Crunch zone.
13:50 of 1st period - Off-side.
13:51 of 1st period - Jamieson Rees wins face-off versus Patrick Harper in neutral zone.
14:08 of 1st period - Shot by Patrick Harper.
14:08 of 1st period - Shot Misses the Net.
14:10 of 1st period - Shot by Axel Andersson.
14:10 of 1st period - Shot Misses the Net.
14:12 of 1st period - Shot by Patrick Harper.
14:12 of 1st period - Stopped by Leevi Merilainen without a rebound.
14:13 of 1st period - Aliaksei Protas wins face-off versus Jean-Gabriel Pageau in Senators zone.
14:18 of 1st period - Shot by Mike Vecchione.
14:18 of 1st period - Stopped by Leevi Merilainen with a rebound.
14:20 of 1st period - Shot by Xavier Bouchard.
14:20 of 1st period - Shot Misses the Net.
15:16 of 1st period - Shot by Thomas Tynan.
15:16 of 1st period - Shot Blocked by Layton Ahac.
15:39 of 1st period - Adam Beckman is hit by Blaine Byron and loses puck.
16:00 of 1st period - Axel Andersson is hit by Wade Allison.
16:25 of 1st period - Shot by Akil Thomas.
16:25 of 1st period - Shot Blocked by Connor Corcoran.
16:29 of 1st period - Shot by Zac Jones.
16:29 of 1st period - Shot Blocked by Axel Andersson.
16:39 of 1st period - Shot by Akil Thomas.
16:39 of 1st period - Stopped by Anthony Stolarz without a rebound.
16:40 of 1st period - Tyler Madden wins face-off versus Jean-Gabriel Pageau in Crunch zone.
16:49 of 1st period - Shot by Tyler Madden.
16:49 of 1st period - Shot Misses the Net.
16:52 of 1st period - Icing by Mikko Kokkonen.
16:53 of 1st period - Aliaksei Protas wins face-off versus Jean-Gabriel Pageau in Crunch zone.
17:26 of 1st period - Shot by Jean-Gabriel Pageau.
17:26 of 1st period - Deflect By Mike Vecchione.
17:26 of 1st period - Stopped by Leevi Merilainen without a rebound.
17:27 of 1st period - Jamieson Rees wins face-off versus Thomas Tynan in Senators zone.
17:42 of 1st period - Shot by Akil Thomas.
17:42 of 1st period - Stopped by Anthony Stolarz without a rebound.
17:43 of 1st period - Ben Jones wins face-off versus Patrick Harper in Crunch zone.
17:43 of 1st period - Ben Jones is hit by Connor Corcoran.
17:45 of 1st period - Shot by Layton Ahac.
17:45 of 1st period - Stopped by Anthony Stolarz without a rebound.
17:46 of 1st period - Aliaksei Protas wins face-off versus Thomas Tynan in Crunch zone.
18:01 of 1st period - Shot by Fabian Zetterlund.
18:01 of 1st period - Shot Misses the Net.
18:11 of 1st period - Shot by Blaine Byron.
18:11 of 1st period - Stopped by Leevi Merilainen without a rebound.
18:12 of 1st period - Ben Jones wins face-off versus Jean-Gabriel Pageau in Senators zone.
18:29 of 1st period - Minor Penalty to Connor Corcoran for Holding.
18:30 of 1st period - Jean-Gabriel Pageau wins face-off versus Aliaksei Protas in Crunch zone.
18:38 of 1st period - Icing by Cole Schwindt.
18:39 of 1st period - Aliaksei Protas wins face-off versus Jean-Gabriel Pageau in Senators zone.
Goals for this period are 1 for Senators vs 1 for Crunch.
Shots for this period are 15 for Senators vs 12 for Crunch.

2nd period


0:01 of 2nd period - Jean-Gabriel Pageau wins face-off versus Aliaksei Protas in neutral zone.
0:44 of 2nd period - Shot by Ben Jones.
0:44 of 2nd period - Shot Misses the Net.
0:59 of 2nd period - Icing by Zac Jones.
1:00 of 2nd period - Ben Jones wins face-off versus Jean-Gabriel Pageau in Senators zone.
1:04 of 2nd period - Adam Beckman is hit by Jean-Gabriel Pageau.
1:06 of 2nd period - Shot by Zac Jones.
1:06 of 2nd period - Stopped by Anthony Stolarz without a rebound.
1:07 of 2nd period - Jean-Gabriel Pageau wins face-off versus Fabian Zetterlund in Crunch zone.
1:26 of 2nd period - Shot by Jean-Gabriel Pageau.
1:26 of 2nd period - Stopped by Leevi Merilainen without a rebound.
1:27 of 2nd period - Jamieson Rees wins face-off versus Thomas Tynan in Senators zone.
1:27 of 2nd period - Jamieson Rees is hit by Jean-Christophe Beaudin.
2:04 of 2nd period - Minor Penalty to Mikko Kokkonen for Hooking.
2:05 of 2nd period - Jean-Gabriel Pageau wins face-off versus Aliaksei Protas in Crunch zone.
2:30 of 2nd period - Shot by Aliaksei Protas.
2:30 of 2nd period - Shot Misses the Net.
2:34 of 2nd period - Shot by Cole Schwindt.
2:34 of 2nd period - Stopped by Anthony Stolarz with a rebound.
2:36 of 2nd period - Shot by Jack Rathbone.
2:36 of 2nd period - Stopped by Anthony Stolarz without a rebound.
2:37 of 2nd period - Jean-Gabriel Pageau wins face-off versus Akil Thomas in Crunch zone.
2:37 of 2nd period - Jean-Gabriel Pageau is hit by Wade Allison.
2:50 of 2nd period - Icing by Akil Thomas.
2:51 of 2nd period - Akil Thomas wins face-off versus Jean-Gabriel Pageau in Senators zone.
3:10 of 2nd period - Shot by Adam Beckman.
3:10 of 2nd period - Shot Blocked by Connor Corcoran.
3:12 of 2nd period - Shot by Akil Thomas.
3:12 of 2nd period - Deflect By Wade Allison.
3:12 of 2nd period - Stopped by Anthony Stolarz without a rebound.
3:13 of 2nd period - Jean-Gabriel Pageau wins face-off versus Matias Maccelli in Crunch zone.
3:13 of 2nd period - Jean-Gabriel Pageau is hit by Cole Schwindt.
3:25 of 2nd period - Shot by Jack Rathbone.
3:25 of 2nd period - Stopped by Anthony Stolarz without a rebound.
3:26 of 2nd period - Aliaksei Protas wins face-off versus Jean-Gabriel Pageau in Crunch zone.
3:59 of 2nd period - Shot by Aliaksei Protas.
3:59 of 2nd period - Stopped by Anthony Stolarz with a rebound.
4:19 of 2nd period - Shot by Aaron Luchuk.
4:19 of 2nd period - Stopped by Leevi Merilainen without a rebound.
4:20 of 2nd period - Kody Clark wins face-off versus Ben Jones in Senators zone.
4:26 of 2nd period - Icing by Joey Keane.
4:27 of 2nd period - Ben Jones wins face-off versus Jean-Gabriel Pageau in Senators zone.
4:27 of 2nd period - Ben Jones is hit by Jean-Gabriel Pageau.
4:30 of 2nd period - Icing by Zac Jones.
4:31 of 2nd period - Mike Vecchione wins face-off versus Ben Jones in Senators zone.
4:36 of 2nd period - Shot by Mason Shaw.
4:36 of 2nd period - Deflect By Mike Vecchione.
4:36 of 2nd period - Shot Blocked by Zac Jones.
4:48 of 2nd period - Shot by Ben Jones.
4:48 of 2nd period - Goal by Ben Jones - Senators : 2 - Crunch : 1.
4:49 of 2nd period - Thomas Tynan wins face-off versus Aliaksei Protas in neutral zone.
5:02 of 2nd period - Shot by Thomas Tynan.
5:02 of 2nd period - Shot Blocked by Layton Ahac.
5:14 of 2nd period - Shot by Thomas Tynan.
5:14 of 2nd period - Deflect By Jean-Christophe Beaudin.
5:14 of 2nd period - Shot Blocked by Layton Ahac.
5:26 of 2nd period - Shot by Thomas Tynan.
5:26 of 2nd period - Stopped by Leevi Merilainen without a rebound.
5:27 of 2nd period - Jean-Gabriel Pageau wins face-off versus Ben Jones in Senators zone.
5:27 of 2nd period - Minor Penalty to Zac Jones for Hooking.
5:28 of 2nd period - Cole Schwindt wins face-off versus Jean-Gabriel Pageau in Senators zone.
6:25 of 2nd period - Shot by Thomas Tynan.
6:25 of 2nd period - Shot Misses the Net.
6:27 of 2nd period - Shot by Axel Andersson.
6:27 of 2nd period - Shot Blocked by Joey Keane.
6:29 of 2nd period - Shot by Axel Andersson.
6:29 of 2nd period - Stopped by Leevi Merilainen with a rebound.
6:45 of 2nd period - Shot by Connor Corcoran.
6:45 of 2nd period - Goal by Connor Corcoran - Senators : 2 - Crunch : 2.
6:46 of 2nd period - Jamieson Rees wins face-off versus Patrick Harper in neutral zone.
6:53 of 2nd period - Shot by Aleksi Heponiemi.
6:53 of 2nd period - Stopped by Anthony Stolarz without a rebound.
6:54 of 2nd period - Patrick Harper wins face-off versus Ben Jones in Crunch zone.
7:07 of 2nd period - Shot by Wade Allison.
7:07 of 2nd period - Stopped by Anthony Stolarz with a rebound.
7:25 of 2nd period - Shot by Wade Allison.
7:25 of 2nd period - Stopped by Anthony Stolarz without a rebound.
7:26 of 2nd period - Jamieson Rees wins face-off versus Mike Vecchione in Crunch zone.
7:38 of 2nd period - Zac Jones is hit by Mike Vecchione.
7:50 of 2nd period - Shot by Austin Strand.
7:50 of 2nd period - Shot Blocked by Joey Keane.
7:56 of 2nd period - Shot by Aleksi Heponiemi.
7:56 of 2nd period - Goal by Aleksi Heponiemi - Senators : 3 - Crunch : 2.
7:57 of 2nd period - Blaine Byron wins face-off versus Cole Schwindt in neutral zone.
8:01 of 2nd period - Blaine Byron is hit by Layton Ahac and loses puck.
8:04 of 2nd period - Shot by Blaine Byron.
8:04 of 2nd period - Shot Misses the Net.
8:06 of 2nd period - Shot by Connor Corcoran.
8:06 of 2nd period - Shot Blocked by Layton Ahac.
8:08 of 2nd period - Shot by Blaine Byron.
8:08 of 2nd period - Stopped by Leevi Merilainen with a rebound.
8:18 of 2nd period - Shot by Thomas Tynan.
8:18 of 2nd period - Stopped by Leevi Merilainen with a rebound.
8:30 of 2nd period - Shot by Blaine Byron.
8:30 of 2nd period - Stopped by Leevi Merilainen without a rebound.
8:31 of 2nd period - Jean-Gabriel Pageau wins face-off versus Ben Jones in Senators zone.
9:06 of 2nd period - Icing by Zac Jones.
9:07 of 2nd period - Wade Allison wins face-off versus Patrick Harper in Senators zone.
9:31 of 2nd period - Shot by Kody Clark.
9:31 of 2nd period - Stopped by Leevi Merilainen without a rebound.
9:32 of 2nd period - Aliaksei Protas wins face-off versus Thomas Tynan in Senators zone.
9:32 of 2nd period - Aliaksei Protas is hit by Jean-Christophe Beaudin.
9:52 of 2nd period - Jean-Christophe Beaudin is hit by Cole Schwindt and loses puck.
9:59 of 2nd period - Shot by Cole Schwindt.
9:59 of 2nd period - Stopped by Anthony Stolarz without a rebound.
10:00 of 2nd period - Jamieson Rees wins face-off versus Jean-Gabriel Pageau in Crunch zone.
10:11 of 2nd period - Shot by Jamieson Rees.
10:11 of 2nd period - Goal by Jamieson Rees - Senators : 4 - Crunch : 2.
10:12 of 2nd period - Matias Maccelli wins face-off versus Aaron Luchuk in neutral zone.
10:12 of 2nd period - Matias Maccelli is hit by Garnet Hathaway.
10:28 of 2nd period - Shot by Alex Beaucage.
10:28 of 2nd period - Shot Misses the Net.
10:41 of 2nd period - Shot by Jean-Gabriel Pageau.
10:41 of 2nd period - Shot Misses the Net.
10:43 of 2nd period - Shot by Jean-Gabriel Pageau.
10:43 of 2nd period - Shot Blocked by Jack Rathbone.
10:45 of 2nd period - Shot by Aaron Luchuk.
10:45 of 2nd period - Shot Misses the Net.
10:52 of 2nd period - Jack Rathbone is hit by Jaycob Megna and loses puck.
10:56 of 2nd period - Icing by Austin Strand.
10:57 of 2nd period - Aaron Luchuk wins face-off versus Aliaksei Protas in Crunch zone.
10:57 of 2nd period - Aaron Luchuk is hit by Aliaksei Protas.
11:12 of 2nd period - Minor Penalty to Jaycob Megna for Hooking.
11:13 of 2nd period - Akil Thomas wins face-off versus Jean-Gabriel Pageau in Crunch zone.
11:22 of 2nd period - Shot by Wade Allison.
11:22 of 2nd period - Shot Misses the Net.
11:24 of 2nd period - Shot by Adam Beckman.
11:24 of 2nd period - Stopped by Anthony Stolarz with a rebound.
12:23 of 2nd period - Shot by Aliaksei Protas.
12:23 of 2nd period - Stopped by Anthony Stolarz without a rebound.
12:24 of 2nd period - Jean-Gabriel Pageau wins face-off versus Aliaksei Protas in Crunch zone.
12:24 of 2nd period - Jean-Gabriel Pageau is hit by Cole Schwindt.
12:31 of 2nd period - Icing by Jack Rathbone.
12:32 of 2nd period - Jean-Gabriel Pageau wins face-off versus Aliaksei Protas in Senators zone.
13:17 of 2nd period - Shot by Akil Thomas.
13:17 of 2nd period - Stopped by Anthony Stolarz with a rebound.
13:19 of 2nd period - Shot by Jamieson Rees.
13:19 of 2nd period - Stopped by Anthony Stolarz without a rebound.
13:20 of 2nd period - Patrick Harper wins face-off versus Ben Jones in Crunch zone.
13:27 of 2nd period - Adam Beckman is hit by Paul Bittner and loses puck.
13:44 of 2nd period - Shot by Ben Jones.
13:44 of 2nd period - Stopped by Anthony Stolarz without a rebound.
13:44 of 2nd period - Minor Penalty to Connor Corcoran for Interference.
13:45 of 2nd period - Mike Vecchione wins face-off versus Aliaksei Protas in Crunch zone.
14:02 of 2nd period - Shot by Matias Maccelli.
14:02 of 2nd period - Goal by Matias Maccelli - Senators : 5 - Crunch : 2.
14:03 of 2nd period - Patrick Harper wins face-off versus Aleksi Heponiemi in neutral zone.
14:13 of 2nd period - Shot by Paul Bittner.
14:13 of 2nd period - Stopped by Leevi Merilainen without a rebound.
14:14 of 2nd period - Aliaksei Protas wins face-off versus Jean-Gabriel Pageau in Senators zone.
14:35 of 2nd period - Shot by Aliaksei Protas.
14:35 of 2nd period - Shot Blocked by Connor Corcoran.
14:37 of 2nd period - Shot by Aliaksei Protas.
14:37 of 2nd period - Shot Misses the Net.
14:39 of 2nd period - Shot by Aliaksei Protas.
14:39 of 2nd period - Shot Blocked by Axel Andersson.
14:39 of 2nd period - Axel Andersson from Crunch is injured at 14:39 of 2nd period (Bruised Left Arm).
14:40 of 2nd period - Thomas Tynan wins face-off versus Ben Jones in Crunch zone.
15:07 of 2nd period - Shot by Wade Allison.
15:07 of 2nd period - Stopped by Anthony Stolarz without a rebound.
15:08 of 2nd period - Jean-Gabriel Pageau wins face-off versus Aliaksei Protas in Crunch zone.
15:08 of 2nd period - Jean-Gabriel Pageau is hit by Fabian Zetterlund.
15:29 of 2nd period - Shot by Mike Vecchione.
15:29 of 2nd period - Shot Misses the Net.
15:30 of 2nd period - Minor Penalty to Jean-Gabriel Pageau for Interference.
15:30 of 2nd period - Minor Penalty to Jack Rathbone for Holding.
15:31 of 2nd period - Aliaksei Protas wins face-off versus Nicolas Aube-Kubel in Senators zone.
15:50 of 2nd period - Shot by Aliaksei Protas.
15:50 of 2nd period - Shot Misses the Net.
15:52 of 2nd period - Shot by Joey Keane.
15:52 of 2nd period - Stopped by Anthony Stolarz with a rebound.
15:54 of 2nd period - Shot by Joey Keane.
15:54 of 2nd period - Shot Misses the Net.
15:58 of 2nd period - Shot by Cole Schwindt.
15:58 of 2nd period - Stopped by Anthony Stolarz without a rebound.
15:59 of 2nd period - Aliaksei Protas wins face-off versus Nicolas Aube-Kubel in Crunch zone.
16:24 of 2nd period - Icing by Ian Mitchell.
16:25 of 2nd period - Aliaksei Protas wins face-off versus Kody Clark in Senators zone.
16:32 of 2nd period - Shot by Aliaksei Protas.
16:32 of 2nd period - Stopped by Anthony Stolarz without a rebound.
16:33 of 2nd period - Kody Clark wins face-off versus Fabian Zetterlund in Crunch zone.
16:42 of 2nd period - Shot by Kody Clark.
16:42 of 2nd period - Stopped by Leevi Merilainen without a rebound.
16:43 of 2nd period - Nicolas Aube-Kubel wins face-off versus Aliaksei Protas in Senators zone.
16:52 of 2nd period - Shot by Thomas Tynan.
16:52 of 2nd period - Deflect By Nicolas Aube-Kubel.
16:52 of 2nd period - Stopped by Leevi Merilainen without a rebound.
16:53 of 2nd period - Aliaksei Protas wins face-off versus Nicolas Aube-Kubel in Senators zone.
16:58 of 2nd period - Shot by Thomas Tynan.
16:58 of 2nd period - Shot Blocked by Dawson Barteaux.
17:00 of 2nd period - Shot by Nicolas Aube-Kubel.
17:00 of 2nd period - Shot Blocked by Dawson Barteaux.
17:48 of 2nd period - Shot by Mason Shaw.
17:48 of 2nd period - Shot Blocked by Jack Rathbone.
18:00 of 2nd period - Shot by Adam Beckman.
18:00 of 2nd period - Shot Misses the Net.
18:02 of 2nd period - Shot by Adam Beckman.
18:02 of 2nd period - Shot Misses the Net.
18:04 of 2nd period - Shot by Adam Beckman.
18:04 of 2nd period - Stopped by Anthony Stolarz without a rebound.
18:05 of 2nd period - Jamieson Rees wins face-off versus Patrick Harper in Crunch zone.
18:26 of 2nd period - Shot by Kody Clark.
18:26 of 2nd period - Shot Misses the Net.
19:22 of 2nd period - Shot by Jean-Gabriel Pageau.
19:22 of 2nd period - Stopped by Leevi Merilainen without a rebound.
19:23 of 2nd period - Ben Jones wins face-off versus Thomas Tynan in Senators zone.
19:34 of 2nd period - Shot by Adam Beckman.
19:34 of 2nd period - Shot Blocked by Xavier Bouchard.
19:36 of 2nd period - Shot by Layton Ahac.
19:36 of 2nd period - Stopped by Anthony Stolarz without a rebound.
19:37 of 2nd period - Aliaksei Protas wins face-off versus Jean-Gabriel Pageau in Crunch zone.
Goals for this period are 4 for Senators vs 1 for Crunch.
Shots for this period are 25 for Senators vs 13 for Crunch.

3rd period


0:01 of 3rd period - Jean-Gabriel Pageau wins face-off versus Aliaksei Protas in neutral zone.
0:21 of 3rd period - Jack Rathbone is hit by Jaycob Megna and loses puck.
0:25 of 3rd period - Off-side.
0:26 of 3rd period - Blaine Byron wins face-off versus Ben Jones in neutral zone.
0:35 of 3rd period - Shot by Blaine Byron.
0:35 of 3rd period - Stopped by Leevi Merilainen without a rebound.
0:36 of 3rd period - Aaron Luchuk wins face-off versus Jamieson Rees in Senators zone.
1:06 of 3rd period - Jamieson Rees is hit by Mikko Kokkonen and loses puck.
1:11 of 3rd period - Shot by Jamieson Rees.
1:11 of 3rd period - Shot Misses the Net.
1:20 of 3rd period - Off-side.
1:21 of 3rd period - Aliaksei Protas wins face-off versus Thomas Tynan in neutral zone.
1:24 of 3rd period - Shot by Fabian Zetterlund.
1:24 of 3rd period - Shot Misses the Net.
2:19 of 3rd period - Minor Penalty to Ben Jones for Hooking.
2:20 of 3rd period - Aliaksei Protas wins face-off versus Jean-Gabriel Pageau in Senators zone.
2:27 of 3rd period - Shot by Connor Corcoran.
2:27 of 3rd period - Stopped by Leevi Merilainen without a rebound.
2:28 of 3rd period - Jean-Gabriel Pageau wins face-off versus Aliaksei Protas in Senators zone.
2:37 of 3rd period - Shot by Mike Vecchione.
2:37 of 3rd period - Shot Misses the Net.
2:39 of 3rd period - Shot by Jean-Gabriel Pageau.
2:39 of 3rd period - Deflect By Mike Vecchione.
2:39 of 3rd period - Stopped by Leevi Merilainen with a rebound.
3:30 of 3rd period - Layton Ahac is hit by Blaine Byron and loses puck.
3:35 of 3rd period - Shot by Jean-Christophe Beaudin.
3:35 of 3rd period - Stopped by Leevi Merilainen with a rebound.
4:37 of 3rd period - Icing by Xavier Bouchard.
4:38 of 3rd period - Patrick Harper wins face-off versus Ben Jones in Crunch zone.
4:38 of 3rd period - Patrick Harper is hit by Ben Jones.
4:56 of 3rd period - Shot by Adam Beckman.
4:56 of 3rd period - Shot Blocked by Xavier Bouchard.
5:48 of 3rd period - Shot by Akil Thomas.
5:48 of 3rd period - Stopped by Anthony Stolarz with a rebound.
6:14 of 3rd period - Icing by Austin Strand.
6:15 of 3rd period - Jean-Gabriel Pageau wins face-off versus Fabian Zetterlund in Crunch zone.
6:38 of 3rd period - Shot by Cole Schwindt.
6:38 of 3rd period - Shot Misses the Net.
7:12 of 3rd period - Icing by Thomas Tynan.
7:13 of 3rd period - Ben Jones wins face-off versus Jean-Christophe Beaudin in Crunch zone.
7:49 of 3rd period - Zac Jones is hit by Mikko Kokkonen.
8:27 of 3rd period - Shot by Akil Thomas.
8:27 of 3rd period - Stopped by Anthony Stolarz with a rebound.
8:31 of 3rd period - Shot by Akil Thomas.
8:31 of 3rd period - Stopped by Anthony Stolarz without a rebound.
8:32 of 3rd period - Matias Maccelli wins face-off versus Patrick Harper in Crunch zone.
8:47 of 3rd period - Shot by Matias Maccelli.
8:47 of 3rd period - Shot Misses the Net.
8:55 of 3rd period - Shot by Tyler Madden.
8:55 of 3rd period - Shot Blocked by Jaycob Megna.
9:46 of 3rd period - Shot by Jean-Gabriel Pageau.
9:46 of 3rd period - Shot Blocked by Layton Ahac.
9:48 of 3rd period - Shot by Xavier Bouchard.
9:48 of 3rd period - Stopped by Leevi Merilainen with a rebound.
10:20 of 3rd period - Shot by Mason Shaw.
10:20 of 3rd period - Stopped by Leevi Merilainen without a rebound.
10:21 of 3rd period - Thomas Tynan wins face-off versus Adam Beckman in Senators zone.
10:24 of 3rd period - Shot by Jean-Christophe Beaudin.
10:24 of 3rd period - Stopped by Leevi Merilainen without a rebound.
10:25 of 3rd period - Thomas Tynan wins face-off versus Ben Jones in Senators zone.
10:43 of 3rd period - Shot by Jean-Christophe Beaudin.
10:43 of 3rd period - Stopped by Leevi Merilainen without a rebound.
10:44 of 3rd period - Kody Clark wins face-off versus Jamieson Rees in Senators zone.
10:47 of 3rd period - Shot by Patrick Harper.
10:47 of 3rd period - Stopped by Leevi Merilainen with a rebound.
10:49 of 3rd period - Shot by Patrick Harper.
10:49 of 3rd period - Shot Misses the Net.
10:51 of 3rd period - Shot by Paul Bittner.
10:51 of 3rd period - Shot Blocked by Akil Thomas.
10:53 of 3rd period - Shot by Kody Clark.
10:53 of 3rd period - Stopped by Leevi Merilainen without a rebound.
10:54 of 3rd period - Thomas Tynan wins face-off versus Aliaksei Protas in Senators zone.
11:13 of 3rd period - Shot by Thomas Tynan.
11:13 of 3rd period - Shot Misses the Net.
11:21 of 3rd period - Shot by Blaine Byron.
11:21 of 3rd period - Shot Hit the Post.
11:42 of 3rd period - Joey Keane is hit by Jean-Gabriel Pageau and loses puck.
11:47 of 3rd period - Shot by Mason Shaw.
11:47 of 3rd period - Deflect By Jean-Gabriel Pageau.
11:47 of 3rd period - Stopped by Leevi Merilainen without a rebound.
11:48 of 3rd period - Ben Jones wins face-off versus Patrick Harper in Senators zone.
12:11 of 3rd period - Shot by Ben Jones.
12:11 of 3rd period - Shot Misses the Net.
13:05 of 3rd period - Jean-Gabriel Pageau is hit by Ian Mitchell and loses puck.
13:15 of 3rd period - Akil Thomas is hit by Jean-Gabriel Pageau and loses puck.
13:46 of 3rd period - Shot by Fabian Zetterlund.
13:46 of 3rd period - Shot Blocked by Jaycob Megna.
13:57 of 3rd period - Off-side.
13:58 of 3rd period - Tyler Madden wins face-off versus Aaron Luchuk in neutral zone.
14:15 of 3rd period - Xavier Bouchard is hit by Matias Maccelli and loses puck.
14:27 of 3rd period - Shot by Alex Beaucage.
14:27 of 3rd period - Stopped by Anthony Stolarz without a rebound.
14:28 of 3rd period - Paul Bittner wins face-off versus Aliaksei Protas in Crunch zone.
14:41 of 3rd period - Shot by Kody Clark.
14:41 of 3rd period - Deflect By Patrick Harper.
14:41 of 3rd period - Shot Misses the Net.
14:49 of 3rd period - Shot by Fabian Zetterlund.
14:49 of 3rd period - Shot Misses the Net.
14:51 of 3rd period - Shot by Aliaksei Protas.
14:51 of 3rd period - Deflect By Cole Schwindt.
14:51 of 3rd period - Shot Blocked by Mikko Kokkonen.
14:55 of 3rd period - Shot by Cole Schwindt.
14:55 of 3rd period - Shot Misses the Net.
15:42 of 3rd period - Shot by Wade Allison.
15:42 of 3rd period - Stopped by Anthony Stolarz without a rebound.
15:43 of 3rd period - Jean-Gabriel Pageau wins face-off versus Jamieson Rees in Crunch zone.
15:54 of 3rd period - Shot by Jamieson Rees.
15:54 of 3rd period - Shot Misses the Net.
15:56 of 3rd period - Shot by Jamieson Rees.
15:56 of 3rd period - Shot Misses the Net.
15:58 of 3rd period - Shot by Jack Rathbone.
15:58 of 3rd period - Stopped by Anthony Stolarz without a rebound.
15:59 of 3rd period - Thomas Tynan wins face-off versus Tyler Madden in Crunch zone.
17:32 of 3rd period - Off-side.
17:33 of 3rd period - Adam Beckman wins face-off versus Patrick Harper in neutral zone.
17:42 of 3rd period - Joey Keane is hit by Kody Clark and loses puck.
17:51 of 3rd period - Shot by Kody Clark.
17:51 of 3rd period - Stopped by Leevi Merilainen with a rebound.
17:53 of 3rd period - Shot by Kody Clark.
17:53 of 3rd period - Stopped by Leevi Merilainen without a rebound.
17:54 of 3rd period - Jean-Gabriel Pageau wins face-off versus Jamieson Rees in Senators zone.
17:59 of 3rd period - Shot by Mason Shaw.
17:59 of 3rd period - Shot Misses the Net.
18:07 of 3rd period - Shot by Mason Shaw.
18:07 of 3rd period - Shot Misses the Net.
19:13 of 3rd period - Shot by Connor Corcoran.
19:13 of 3rd period - Shot Blocked by Cole Schwindt.
19:15 of 3rd period - Shot by Mikko Kokkonen.
19:15 of 3rd period - Shot Misses the Net.
19:17 of 3rd period - Shot by Kody Clark.
19:17 of 3rd period - Stopped by Leevi Merilainen with a rebound.
19:19 of 3rd period - Shot by Kody Clark.
19:19 of 3rd period - Stopped by Leevi Merilainen without a rebound.
19:20 of 3rd period - Ben Jones wins face-off versus Thomas Tynan in Senators zone.
19:46 of 3rd period - Adam Beckman is hit by Jean-Christophe Beaudin and loses puck.
19:50 of 3rd period - Zac Jones is hit by Thomas Tynan and loses puck.
Goals for this period are 0 for Senators vs 0 for Crunch.
Shots for this period are 6 for Senators vs 15 for Crunch.